 Seeded DCSS version 0.30.0-15-g856e2d3f33 (webtiles) character file.

Game seed: 5 (custom seed)

453 Kazon the Chopper (level 6, 0/52 HPs)
             Began as a Draconian Berserker on May 19, 2023.
             Was a Priest of Trog.
             Slain by an iguana (10 damage)
             ... on level 4 of the Dungeon.
             The game lasted 00:15:18 (2708 turns).

Kazon the Chopper (Draconian Berserker)             Turns: 2708, Time: 00:15:19

Health: 0/52       AC:  6    Str: 19    XL:     6   Next: 75%
Magic:  6/6        EV: 10    Int: 13    God:    Trog [***...]
Gold:   198        SH: 13    Dex: 17    Spells: 5/5 levels left

rFire   . . .        f - +0 hand axe (flame)
rCold   + . .        c - +0 tower shield
rNeg    . . .        (body armour unavailable)
rPois   +            (helmet restricted)
rElec   .            (no cloak)
rCorr   .            (no gloves)
SInv    .            (no boots)
Will    .....        (no amulet)
Stlth   +++          b - ring of the Fool {rPois rC+ Int+4 Stlth+}
HPRegen 0.28/turn    v - +6 ring of dexterity
MPRegen 0.10/turn

%: no passive effects
@: no status effects
A: AC +6, unfitting armour, cold-blooded
a: Renounce Religion, Berserk, Trog's Hand


You were on level 4 of the Dungeon.
You worshipped Trog.
Trog was most pleased with you.
You visited 1 branch of the dungeon, and saw 4 of its levels.

You collected 198 gold pieces.

Inventory:

Hand Weapons
 a - a +0 war axe
 e - a +2 vampiric dagger
 f - a +0 hand axe of flaming (weapon)
 w - the +2 sling "Qeuhanocyt" {speed, rElec Str-3 Dex+2}
   (You found it on level 3 of the Dungeon)

   Str:       It affects your strength (-3).
   Dex:       It affects your dexterity (+2).
   rElec:     It insulates you from electricity.
Missiles
 g - 21 stones (quivered)
 j - 3 boomerangs
 o - 5 poisoned darts
Armour
 c - a +0 tower shield (worn)
Jewellery
 b - the ring of the Fool (left hand) {rPois rC+ Int+4 Stlth+}
   (You acquired it on level 1 of the Dungeon)

   [ring of poison resistance]

   Int:       It affects your intelligence (+4).
   rC:        It protects you from cold.
   rPois:     It protects you from poison.
   Stlth:     It makes you more stealthy.
 p - a ring of magical power
 v - a +6 ring of dexterity (right hand)
Wands
 z - a wand of paralysis (8)
Scrolls
 d - a scroll of fog {unknown}
 h - a scroll of vulnerability {unknown}
 k - 2 scrolls of magic mapping {unknown}
 l - a scroll of summoning {unknown}
 m - 2 scrolls of identify {unknown}
 n - a scroll of blinking {unknown}
 x - a scroll of torment {unknown}
Potions
 i - 3 potions of curing {unknown}
 q - a potion of invisibility {unknown}
 r - a potion of berserk rage {unknown}
 s - a potion of flight {unknown}
 t - a potion of magic {unknown}
 u - 2 potions of heal wounds {unknown}
 y - a potion of resistance {unknown}


   Skills:
 + Level 4.2 Fighting
 + Level 0.9 Short Blades
 + Level 4.9 Axes
 + Level 1.2 Ranged Weapons
 + Level 3.7 Dodging
 + Level 2.7 Stealth
 + Level 2.1 Shields


You had 5 spell levels left.
You didn't know any spells.
Your spell library was empty.

Dungeon Overview and Level Annotations

Branches:
Dungeon (4/15)             Temple (0/1) D:4

Altars:
Dithmenos
Fedhas
Hepliaklqana
Qazlal


Innate Abilities, Weirdness & Mutations

Your plain brown scales are hard. (AC +6)
You cannot fit into any form of body armour.
You are cold-blooded and may be slowed by cold attacks.


Message History

You hit the iguana.
You feel better.
Your tail-slap misses the iguana.
The iguana is lightly wounded.
You block the iguana's attack.
You hit the iguana.
The iguana is lightly wounded.
The iguana completely misses you. The iguana bites you!
You hit the iguana but do no damage.
The iguana is lightly wounded.
You block the iguana's attack.
You hit the iguana but do no damage.
The iguana is lightly wounded.
You block the iguana's attack.
You hit the iguana but do no damage.
The iguana is lightly wounded.
The iguana bites you!
You hit the iguana but do no damage.
The iguana is lightly wounded.
You block the iguana's attack.
The iguana bites you but does no damage.
You hit the iguana.
You feel better.
The iguana is moderately wounded.
You block the iguana's attack.
You barely miss the iguana.
Your tail-slap misses the iguana.
The iguana is moderately wounded.
You block the iguana's attack.
You hit the iguana.
Your tail-slap misses the iguana.
The iguana is moderately wounded.
The iguana bites you!
* * * LOW HITPOINT WARNING * * *
The iguana completely misses you.
You feel the dreadful sensation subside.
Your +0 hand axe of flaming bursts into flame!
f - a +0 hand axe of flaming (weapon)
You hit the iguana. You burn the iguana.
The iguana is severely wounded.
You block the iguana's attack.
You hit the iguana but do no damage.
The iguana is severely wounded.
The iguana bites you!
You die...

#########.#
##ยงยง###
#.........#
####.
#####.###.#
#. #.# #.#
.##. #.# #..
.... #.###.##
.... #.....#
##). #.###.#
#.# #@# .#
....
.......l....#
##.#
.######.###.#
.# ... .. #.#
.. #.# .# ...
#.#


You could see an iguana.

Vanquished Creatures
  Sigmund (D:4)
  A black bear (D:4)
  A scorpion (D:4)
  5 adders
  An ufetubus (D:4)
  3 worms
  6 orcs
  4 bats
  9 endoplasms
  A giant cockroach (D:1)
  12 goblins
  7 hobgoblins
  11 jackals
  3 kobolds
  3 quokkas (D:4)
  6 ball pythons
  3 frilled lizards
  4 rats
81 creatures vanquished.

Notes
Turn   | Place    | Note
-------+----------+-------------------------------------------
     0 | D:1      | Kazon the Draconian Berserker began the quest for the Orb.
     0 | D:1      | Reached XP level 1. HP: 19/19 MP: 1/1
    52 | D:1      | Identified a scroll of acquirement
    52 | D:1      | Acquired the ring of the Fool {rPois rC+ Int+4 Stlth+}
    85 | D:1      | Reached XP level 2. HP: 26/26 MP: 2/2
   392 | D:1      | Reached XP level 3. HP: 33/33 MP: 3/3
   542 | D:1      | Reached ** piety under Trog
  1082 | D:2      | Reached skill level 1 in Stealth
  1082 | D:2      | Reached XP level 4. HP: 34/40 MP: 4/4
  1657 | D:3      | Found a blossoming altar of Fedhas.
  1776 | D:3      | Reached skill level 1 in Shields
  1803 | D:3      | Found a stormy altar of Qazlal.
  1956 | D:3      | Found a faded altar of an unknown god.
  1979 | D:3      | Identified the +2 sling "Qeuhanocyt" {speed, rElec Str-3
                  | Dex+2}
  2083 | D:4      | Found a staircase to the Ecumenical Temple.
  2272 | D:4      | Reached XP level 5. HP: 40/46 MP: 5/5
  2559 | D:4      | Noticed Sigmund
  2579 | D:4      | Killed Sigmund
  2580 | D:4      | Reached skill level 1 in Ranged Weapons
  2580 | D:4      | Reached XP level 6. HP: 52/52 MP: 6/6
  2631 | D:4      | Reached *** piety under Trog
  2655 | D:4      | Found a hazy altar of Hepliaklqana.
  2657 | D:4      | Found a shadowy altar of Dithmenos.
  2657 | D:4      | Noticed a shadow
  2708 | D:4      | Slain by an iguana

Illustrated notes

Levels and vault maps discovered:
D:1:      ebering_trefoil_3fold, layout_basic, st_stairs_14, serial_bayou_ford_a
D:2:      layout_basic, hangedman_decor_growths, minmay_close_crescents
D:3:      layout_rooms, mainiacjoe_overflow_concentric_impassable,
          mainiacjoe_overflow_paths, shapermc_ecumenical_altar_acropolis,
          chequers_serial_rivers_micro_b
D:4:      layout_basic, riverfiend_overflow_shadow_ancestor,
          minmay_temple_entry_glass, uniq_sigmund

Skill      XL: |  1  2  3  4  5  6 |
---------------+-------------------+-----
Dodging        | 3 |  3.7
Stealth        | 1 2 |  2.7
Axes           | 4 |  4.9
Shields        | 1 2 |  2.1
Fighting       | 4 |  4.2
Ranged Weapons | 1 |  1.2
Short Blades   | |  0.9

Action                     |  1- 3 |  4- 6 || total
---------------------------+-------+-------++-------
  Melee: Hand axe          |   125 |    89 ||   214
         Tailslap          |     9 |    19 ||    28
         Dagger            |       |    32 ||    32
         War axe           |       |    28 ||    28
   Fire: Sling             |       |     5 ||     5
  Throw: Stone             |       |     1 ||     1
 Invoke: Berserk           |       |     1 ||     1
    Use: Scroll            |     1 |     1 ||     2
   Stab: Sleeping          |     9 |     7 ||    16
         Distracted        |       |     1 ||     1
 Armour: Skin              |    45 |    37 ||    82
  Dodge: Dodged            |    49 |    54 ||   103
  Block: Tower shield      |    41 |    96 ||   137
